 Dungeon Crawl Stone Soup version 0.22.0 (webtiles) character file.

7464 InabaYap the Arsonist (level 10, -2/78 HPs)
             Began as a Deep Elf Fire Elementalist on Jan 17, 2019.
             Was a Believer of Vehumet.
             Slain by mcbeardface's ghost (10 damage)
             ... on level 9 of the Dungeon on Jan 18, 2019.
             The game lasted 01:13:35 (12584 turns).

InabaYap the Arsonist (Deep Elf Fire Elementalist) Turns: 12584, Time: 01:13:35

Health: -2/78      AC:  6    Str: 14      XL:     10   Next: 94%
Magic:  4/29       EV: 16    Int: 24      God:    Vehumet [**....]
Gold:   351        SH:  0    Dex: 12 (13) Spells: 11/30 levels left

rFire    . . .     SeeInvis .   B - +4 quarterstaff (chaos)
rCold    . . .     Gourm    .   (shield currently unavailable)
rNeg     . . .     Faith    .   v - +1 leather armour "Jynianud" {Regen+ Str+4}
rPois    .         Spirit   .   (helmet restricted)
rElec    .         Reflect  .   A - +0 cloak
rCorr    .         Harm     .   (no gloves)
MR       +....                  e - +0 pair of boots
Stlth    ..........             (no amulet)
HPRegen  0.63/turn              K - ring of stealth
MPRegen  0.21/turn              h - +3 ring of evasion

@: berserking (expiring), very slightly contaminated, very quick
A: horns 1, clumsy 1, deterioration 1, high mp 1, MP-powered wands
a: Renounce Religion


You were on level 9 of the Dungeon.
You worshipped Vehumet.
Vehumet was pleased with you.
You were not hungry.

You visited 2 branches of the dungeon, and saw 10 of its levels.

You collected 582 gold pieces.
You spent 231 gold pieces at shops.

Inventory:

Hand Weapons
 f - a +0 short sword
 n - a +1 dagger of protection
 o - a +1 dagger of freezing
 B - a +4 quarterstaff of chaos (weapon)
 E - a +0 rapier
 I - a +1 dagger of holy wrath
 N - the +4 broad axe of Armageddon {protect, rElec MR+ SInv, unknown}
   (You found it on level 7 of the Dungeon)

   It protects the one who uses it against injury (+AC on strike).
   It insulates you from electricity.
   It affects your resistance to hostile enchantments.
   It lets you see invisible.
 P - a +1 vampiric short sword
 Q - a +5 blowgun
Missiles
 U - 176 stones (quivered)
Armour
 a - a +0 robe
 d - a +1 robe
 e - a +0 pair of boots (worn)
 v - the +1 leather armour "Jynianud" (worn) {Regen+ Str+4}
   (You found it on level 4 of the Dungeon)

   It affects your strength (+4).
   It increases your rate of regeneration.
 w - a +1 robe of fire resistance
 y - a +0 helmet
 A - a +0 cloak (worn)
Jewellery
 h - a +3 ring of evasion (right hand)
 s - a +3 ring of strength
 C - an uncursed ring of ice
 H - a +3 ring of strength
 K - a ring of stealth (left hand)
Wands
 g - a wand of random effects (38)
 z - a wand of digging (8)
 L - a wand of disintegration (20)
 V - a wand of clouds (8)
Scrolls
 b - 6 scrolls of remove curse
 l - 2 scrolls of fog
 m - 4 scrolls of teleportation
 q - a scroll of magic mapping
 r - a scroll of random uselessness {unknown}
 F - a scroll of enchant armour
 G - 3 scrolls of blinking
 J - 2 scrolls of immolation
 M - a scroll of amnesia
 R - a scroll of brand weapon {unknown}
Potions
 i - a potion of haste {unknown}
 j - a potion of magic {unknown}
 k - 2 potions of heal wounds
 p - a potion of lignification
 t - a potion of resistance {unknown}
 u - a potion of cancellation
 x - a potion of curing
 D - a potion of degeneration {unknown}
 T - a potion of mutation
 W - a potion of invisibility {unknown}
Comestibles
 c - 19 rations


   Skills:
 * Level 1.2 Fighting
 - Level 0.1 Staves
 - Level 2.2 Armour
 + Level 3.9 Dodging
 - Level 4.1 Stealth
 * Level 10.8 Spellcasting
 * Level 10.8 Conjurations
 * Level 11.0 Fire Magic


You had 11 spell levels left.
You knew the following spells:

 Your Spells              Type           Power        Failure   Level  Hunger
a - Flame Tongue          Conj/Fire      #####        1%          1    None
b - Throw Flame           Conj/Fire      ######       1%          2    None
c - Conjure Flame         Conj/Fire      ######..     1%          3    None
d - Sticky Flame          Conj/Fire      ######..     1%          4    None
e - Fireball              Conj/Fire      ######....   1%          5    ####...
f - Sandblast             Erth           ##....       6%          1    None
g - Stone Arrow           Conj/Erth      #####.       1%          3    None

Your spell library contained the following spells:

 Spells                   Type           Power        Failure   Level  Hunger
 Passwall                 Tmut/Erth      ##......     9%          2    None
 Lee's Rapid Deconstruct  Erth           ##........   86%         5    ####...
 Petrify                  Tmut/Erth      ##......     52%         4    None
 Inner Flame              Hex/Fire       #####...     1%          3    None


Dungeon Overview and Level Annotations

Branches:
Dungeon (9/15)             Temple (1/1) D:4
   Lair: D:8-11         Orc: D:9-12

Altars:
Ashenzari
Cheibriados
Dithmenos
Elyvilon
Fedhas
Gozag
Hepliaklqana
Kikubaaqudgha
Makhleb
Nemelex Xobeh
Okawaru
Qazlal
Ru
Sif Muna
Trog
Uskayaw
Vehumet
Wu Jian
Xom
Yredelemnul
Zin
The Shining One

Shops:
D:4 *

Annotations:
D:8 2 transporters, centipede's ghost, novice GrEE
D:9 drpain's ghost, journeyman SpAs; mcbeardface's ghost, novice GrFi


Innate Abilities, Weirdness & Mutations

You have a pair of small horns on your head.
You are clumsy. (Dex -2)
Your body sometimes deteriorates upon taking damage.
You have an increased reservoir of magic. (+10% MP)
You expend magic power (3 MP) to strengthen your wands.


Message History

* * * LOW HITPOINT WARNING * * *
Your body deteriorates!
You feel clumsy.
* * * LOW HITPOINT WARNING * * *
You hit mcbeardface's ghost but do no damage.
You headbutt mcbeardface's ghost, but do no damage.
Mcbeardface's ghost is moderately damaged.
You sock mcbeardface's ghost! You burn mcbeardface's ghost.
Mcbeardface's ghost is heavily damaged.
Mcbeardface's ghost wails.
Mcbeardface's ghost hits you.
* * * LOW HITPOINT WARNING * * *
x2 You sock mcbeardface's ghost!
Mcbeardface's ghost is severely damaged.
Mcbeardface's ghost wails, "Death is your only future!"
Mcbeardface's ghost barely misses you.
You hit mcbeardface's ghost but do no damage.
Mcbeardface's ghost is severely damaged.
Mcbeardface's ghost screams, "There is no future for me!"
Mcbeardface's ghost hits you!
You die...

##### ##...############
###.#.............###############
......#.######..................#
###.###.# #.(.....##########.#
..##...## ###..###..##########)#
#.###### #....###..............
#.# #.#.......##########># #.#
#.#.W@....# #.# #.# #.........#
#.# #.# #§##......# #.# #.##
#.##.....<##########.# ...#
#.#######........>.... ...#
#####.##.⌠..#############.
...#####......#....8######## #.
......##.###..#.....}#.....#####(
..........[..W'......#####.......


You could see mcbeardface's ghost.

Vanquished Creatures
  A two-headed ogre (D:8)
  The ghost of spsoon the Slicer, a novice VSEn of Wu Jian (D:9)
  Pikel (D:4)
  A cyclops (D:9)
  A troll (D:9)
  The ghost of PotatoGamer the Chopper, an amateur MiBe of Trog (D:4)
  2 hippogriffs (D:9)
  A spriggan (D:7)
  A human (D:9)
  A hungry ghost (D:8)
  Menkaure (D:5)
  A water moccasin (D:9)
  4 orc warriors
  2 slaves (D:4)
  A black bear (D:8)
  2 ice beasts
  5 ogres
  3 centaurs
  A crocodile (D:9)
  2 big kobolds
  4 bullfrogs
  A water moccasin zombie (D:7)
  2 scorpions (D:8)
  3 killer bees (D:7)
  4 howler monkeys
  4 crimson imps
  A quasit (D:7)
  2 bullfrog zombies (D:5)
  A centaur skeleton (D:6)
  3 hounds
  A gnoll shaman (D:9)
  4 orc priests
  Crazy Yiuf (D:4)
  2 jellies
  2 bullfrog skeletons
  Jessica (D:2)
  3 iguanas
  8 worker ants
  16 orc wizards
  2 mummies (D:5)
  A worker ant zombie (D:5)
  9 gnolls
  16 adders
  2 shadow imps
  2 adder skeletons
  5 worms
  A dart slug (D:3)
  5 leopard geckos
  40 orcs
  6 bats
  4 giant cockroaches
  10 goblins
  9 hobgoblins
  27 jackals
  4 quokkas
  6 frilled lizards
  A jackal zombie (D:8)
  13 kobolds
  A leopard gecko skeleton (D:5)
  3 quokka skeletons
  A quokka zombie (D:4)
  7 rats
271 creatures vanquished.

Vanquished Creatures (others)
  2 jackals (D:4)
  4 withered plants (D:9)
6 creatures vanquished.

Grand Total: 277 creatures vanquished

Notes
Turn   | Place    | Note
-------+----------+-------------------------------------------
     0 | D:1      | InabaYap the Deep Elf Fire Elementalist began the quest for the Orb.
     0 | D:1      | Reached XP level 1. HP: 10/10 MP: 6/6
   298 | D:1      | Reached XP level 2. HP: 15/15 MP: 5/8
   308 | D:1      | Learned a level 2 spell: Throw Flame
   610 | D:1      | Reached skill level 4 in Fire Magic
  1142 | D:2      | Reached XP level 3. HP: 19/19 MP: 5/10
  1829 | D:2      | Noticed Jessica
  1833 | D:2      | Killed Jessica
  1833 | D:2      | Reached XP level 4. HP: 24/24 MP: 6/12
  2246 | D:2      | Learned a level 3 spell: Conjure Flame
  2366 | D:3      | Reached skill level 5 in Fire Magic
  2368 | D:3      | Reached XP level 5. HP: 28/28 MP: 4/13
  2762 | D:3      | Found a stormy altar of Qazlal.
  3010 | D:3      | Gained mutation: Your system is resistant to poisons. (rPois) [potion of mutation]
  3010 | D:3      | Gained mutation: Your spells are a little easier to cast, but a little less powerful. [potion of mutation]
  3010 | D:3      | Gained mutation: You are clumsy. (Dex -2) [potion of mutation]
  3010 | D:3      | Gained mutation: You evolve. [potion of mutation]
  3011 | D:3      | Lost mutation: Your spells are a little easier to cast, but a little less powerful. [potion of mutation]
  3011 | D:3      | Lost mutation: You evolve. [potion of mutation]
  3011 | D:3      | Lost mutation: Your system is resistant to poisons. (rPois) [potion of mutation]
  3011 | D:3      | Gained mutation: Your body sometimes deteriorates upon taking damage. [potion of mutation]
  3011 | D:3      | Gained mutation: You have an increased reservoir of magic. (+10% MP) [potion of mutation]
  3011 | D:3      | Gained mutation: You have a pair of small horns on your head. [potion of mutation]
  3011 | D:3      | Gained mutation: You expend magic power (3 MP) to strengthen your wands. [potion of mutation]
  3913 | D:4      | Found a shattered altar of Ashenzari.
  3931 | D:4      | Reached skill level 5 in Spellcasting
  3931 | D:4      | Reached XP level 6. HP: 25/32 MP: 4/16
  4094 | D:4      | Found a runed gate.
  4095 | D:4      | Found a runed gate.
  4096 | D:4      | Found a runed gate.
  4221 | D:4      | Found Egoaq's General Store.
  4530 | D:4      | Bought a +3 ring of evasion for 231 gold pieces
  4550 | D:4      | Noticed Pikel
  4550 | D:4      | Noticed a slave
  4550 | D:4      | Noticed a slave
  4550 | D:4      | Noticed a slave
  4570 | D:4      | Killed a slave
  4577 | D:4      | Killed a slave
  4657 | D:4      | Reached XP level 7. HP: 36/36 MP: 11/21
  4769 | D:4      | Killed Pikel
  4919 | D:4      | Reached XP level 8. HP: 41/41 MP: 22/26
  4924 | D:4      | Reached skill level 10 in Spellcasting
  5061 | D:4      | Got a fine leather armour
  5072 | D:4      | Identified the +1 leather armour "Jynianud" {Regen+ Str+4} (You found it on level 4 of the Dungeon)
  5383 | D:4      | Noticed PotatoGamer's ghost (amateur MiBe)
  5499 | D:4      | Found a runed door.
  5503 | D:4      | Noticed Crazy Yiuf
  5508 | D:4      | Killed Crazy Yiuf
  5591 | D:4      | Found a staircase to the Ecumenical Temple.
  5597 | Temple   | Entered the Ecumenical Temple
  5712 | D:5      | Entered Level 5 of the Dungeon
  5940 | D:5      | Reached skill level 6 in Fire Magic
  5951 | D:5      | Reached skill level 1 in Armour
  6198 | D:5      | Found a transporter.
  6198 | D:5      | Noticed Menkaure
  6199 | D:5      | Found an ancient bone altar of Kikubaaqudgha.
  6200 | D:5      | Found a transporter.
  6224 | D:5      | Found a basalt altar of Yredelemnul.
  6395 | D:5      | Found a glowing golden altar of the Shining One.
  6423 | D:5      | Reached skill level 5 in Conjurations
  6580 | D:6      | Learned a level 4 spell: Sticky Flame
  6860 | D:6      | Found an ornate altar of the Wu Jian Council.
  6908 | D:6      | Reached skill level 7 in Fire Magic
  7227 | D:6      | Found a bloodstained altar of Trog.
  7363 | D:7      | Reached XP level 9. HP: 45/45 MP: 18/27
  7636 | D:7      | Learned a level 5 spell: Fireball
  7828 | D:7      | Found a glowing golden altar of the Shining One.
  8242 | D:7      | Found a radiant altar of Vehumet.
  8287 | D:7      | Became a worshipper of Vehumet
  8776 | D:7      | Reached skill level 8 in Fire Magic
  8888 | D:7      | Got a bloodstained broad axe
  9217 | D:8      | Noticed a two-headed ogre
  9241 | D:8      | Killed a two-headed ogre
  9241 | D:8      | Reached skill level 9 in Fire Magic
  9570 | D:8      | Reached XP level 10. HP: 50/50 MP: 21/28
  9793 | D:8      | Found a transporter.
  9811 | D:8      | Found a transporter.
  9811 | D:8      | Noticed centipede's ghost (novice GrEE)
 10581 | D:5      | Killed Menkaure
 10798 | D:9      | Reached * piety under Vehumet
 10798 | D:9      | Offered knowledge of Magic Dart by Vehumet.
 10884 | D:9      | Reached skill level 10 in Fire Magic
 11174 | D:9      | Reached ** piety under Vehumet
 11190 | D:9      | Offered knowledge of Sandblast by Vehumet.
 11190 | D:9      | Reached skill level 10 in Conjurations
 11196 | D:9      | Learned a level 1 spell: Sandblast
 11234 | D:9      | Found a burning altar of Makhleb.
 11477 | D:9      | Noticed a cyclops
 11482 | D:9      | Killed a cyclops
 11560 | D:9      | Learned a level 3 spell: Stone Arrow
 11845 | D:9      | Found a runed gate.
 11846 | D:9      | Found a runed gate.
 11846 | D:9      | Found a runed gate.
 11847 | D:9      | Noticed spsoon's ghost (novice VSEn)
 11847 | D:9      | Noticed drpain's ghost (journeyman SpAs)
 11851 | D:9      | Noticed mcbeardface's ghost (novice GrFi)
 12040 | D:9      | Reached skill level 1 in Fighting
 12427 | D:4      | Killed PotatoGamer's ghost
 12427 | D:4      | Reached skill level 11 in Fire Magic
 12570 | D:9      | Killed spsoon's ghost
 12584 | D:9      | Slain by mcbeardface's ghost

Skill      XL: |  1  2  3  4  5  6  7  8  9 10 |
---------------+-------------------------------+-----
Fire Magic     | 4 5 7 9 11 | 11.0
Spellcasting   | 4 5 7 9 10 | 10.8
Conjurations   | 2 4 6 9 10 | 10.8
Stealth        | 3 4 |  4.1
Dodging        | 3 |  3.9
Armour         | 2 |  2.2
Fighting       | 1 |  1.2
Staves         | |  0.1

Action                   |  1- 3 |  4- 6 |  7- 9 | 10-12 || total
-------------------------+-------+-------+-------+-------++-------
Melee: Unarmed           |     1 |       |       |       ||     1
       Short sword       |     6 |    13 |       |       ||    19
       Dagger            |       |     8 |   116 |       ||   124
       Headbutt          |       |     1 |    18 |    13 ||    32
       Quarterstaff      |       |       |    12 |    83 ||    95
 Cast: Flame Tongue      |    44 |   102 |   198 |    77 ||   421
       Throw Flame       |    35 |    35 |    40 |    10 ||   120
       Conjure Flame     |       |    19 |    23 |    19 ||    61
       Sticky Flame      |       |       |    11 |     6 ||    17
       Fireball          |       |       |     5 |    15 ||    20
       Stone Arrow       |       |       |       |    17 ||    17
       Sandblast         |       |       |       |     4 ||     4
  Use: Scroll            |     3 |     2 |     6 |     5 ||    16
       Potion            |     1 |     4 |     1 |     3 ||     9
 Stab: Sleeping          |       |     1 |     1 |       ||     2
       Distracted        |       |       |     1 |       ||     1
       Paralysed         |       |       |       |     1 ||     1
  Eat: Chunk             |     4 |     9 |    13 |     8 ||    34
       Ration            |       |       |     1 |     3 ||     4
Armor: Robe              |     7 |     3 |     2 |       ||    12
       Leather armour    |       |       |    39 |    26 ||    65
Dodge: Dodged            |    21 |    20 |   111 |    75 ||   227
